 Dungeon Crawl Stone Soup version 0.30-a0-881-g1ff12e1e11 (webtiles) character file.

Game seed: 12441769806875936335

1060 Pimp the Digger (level 8, -8/58 HPs)
             Began as a Formicid Earth Elementalist on Mar 14, 2023.
             Mangled by a gargoyle
             ... wielding a +0 morningstar
              (9 damage)
             ... on level 6 of the Dungeon.
             The game lasted 00:18:02 (5929 turns).

Pimp the Digger (Formicid Earth Elementalist)       Turns: 5929, Time: 00:18:03

Health: -8/58      AC: 11    Str: 11 (13) XL:     8   Next: 52%
Magic:  13/13      EV: 11    Int: 16 (17) God:
Gold:   294        SH:  0    Dex: 11 (14) Spells: 10/14 levels left

rFire   + . .      SeeInvis +    l - +5 halberd (distort)
rCold   . . .      Faith    .    (no shield)
rNeg    . . .      Spirit   .    d - +0 ring mail
rPois   +          Reflect  .    (helmet unavailable)
rElec   .          Rampage  .    c - +0 cloak
rCorr   .                        g - +0 pair of gloves
Will    .....                    p - +2 pair of boots
Stlth   ++                       (no amulet)
HPRegen 0.29/turn                s - ring of protection from fire
MPRegen 0.13/turn                (no ring)

@: brilliant, flying
A: permanent stasis, dig shafts and tunnels, antennae 3, four strong arms,
poison resistance
a: Dig, Shaft Self


You were on level 6 of the Dungeon.
You visited 2 branches of the dungeon, and saw 7 of its levels.

You collected 339 gold pieces.
You spent 45 gold pieces at shops.

Inventory:

Hand Weapons
 k - a +0 long sword
 l - a +5 halberd of distortion (weapon)
Missiles
 j - a throwing net
Armour
 a - a +0 robe
 c - a +0 cloak (worn)
 d - a +0 ring mail (worn)
 g - a +0 pair of gloves (worn)
 p - a +2 pair of boots (worn)
Jewellery
 s - a ring of protection from fire (left hand)
Wands
 o - a wand of iceblast (9)
 v - a wand of polymorph (13)
 x - a wand of charming (9)
 y - a wand of flame (16)
Scrolls
 e - a scroll of amnesia
Potions
 b - 2 potions of magic
 h - a potion of flight
 i - a potion of brilliance
 m - a potion of cancellation {unknown}
 n - a potion of lignification {unknown}
 q - 2 potions of degeneration
 r - a potion of resistance {unknown}
 t - a potion of attraction {unknown}
 z - a potion of berserk rage {unknown}


   Skills:
 + Level 3.1 Fighting
 - Level 1.4 Long Blades
 * Level 3.3 Polearms
 + Level 3.2 Armour
 + Level 3.4 Dodging
 - Level 4.2 Stealth
 + Level 3.9 Spellcasting
 + Level 3.6 Transmutations
 + Level 5.3 Earth Magic


You had 10 spell levels left.
You knew the following spells:

 Your Spells              Type           Power      Damage    Failure   Level
a - Sandblast             Erth           60%        2d14      4%          1
b - Stone Arrow           Conj/Erth      34%        3d9       36%         3

Your spell library contained the following spells:

 Spells                   Type           Power      Damage    Failure   Level
 Passwall                 Tmut/Erth      21%        N/A       10%         2
 Petrify                  Tmut/Erth      26%        N/A       52%         4
 Call Canine Familiar     Summ           4%         N/A       75%         3
 Portal Projectile        Hex/Tloc       8%         N/A       75%         3
 Leda's Liquefaction      Hex/Erth       8%         N/A       78%         4


Dungeon Overview and Level Annotations

Branches:
Dungeon (6/15)             Temple (1/1) D:4

Altars:
Cheibriados
Dithmenos
Elyvilon
Fedhas
Gozag
Hepliaklqana
Kikubaaqudgha
Makhleb
Okawaru
Ru
Trog
Xom
Zin

Shops:
D:2 (   D:4 =   D:6 ?


Innate Abilities, Weirdness & Mutations

You cannot be hasted, slowed, berserked, paralysed or teleported.
You can dig through walls and to a lower floor.
You have a pair of large antennae on your head. (SInv)
Your four strong arms can wield two-handed weapons with a shield.
Your system is resistant to poisons. (rPois)


Message History

You barely miss the white imp.
The white imp is almost dead.
The white imp gestures at you. The puff of frost hits you.
You puncture the white imp!
You kill the white imp!
You start resting.
HP restored.
You now have 294 gold pieces (gained 13).
Things that are here:
a +0 dagger; a +0 robe; an orc corpse
Found Duletul's Magic Scroll Shoppe.
There is an entrance to Duletul's Magic Scroll Shoppe here.
You sense a monster nearby.
You sense a monster nearby.
A gargoyle comes into view. It is wielding a +0 morningstar.
The gargoyle hurls a stone arrow at you.
The stone arrow hits you!
You hit the gargoyle.
The gargoyle is lightly damaged.
The gargoyle blinks!
The gargoyle hurls a stone arrow at you.
The stone arrow hits you.
The gargoyle hits you with a +0 morningstar!!
It was a potion of flight.
You feel very buoyant.
You fly up into the air.
A centaur comes into view.
The centaur wields a +0 shortbow.
The centaur shoots an arrow.
The arrow hits you.
The gargoyle hits you with a +0 morningstar!
* * * LOW HITPOINT WARNING * * *
You hear a shout!
Okay, then.
It was a potion of brilliance.
You feel clever all of a sudden.
The centaur shoots an arrow.
The arrow hits you.
* * * LOW HITPOINT WARNING * * *
The gargoyle hits you with a +0 morningstar!
You die...

#####
.....###############
#......#...9@.......
#...##.#.#c#.#.
##.###..... { { #.#
####### ## #.# #.
#.# ##########. #.#
#.......... #.##
#.########. #..#####
#.#..#.....


You could see a gargoyle and a centaur.

Vanquished Creatures
  Grinder (D:3)
  Sigmund (D:3)
  An ogre (D:5)
  A scorpion (D:5)
  A hound (D:5)
  A jelly (D:4)
  Crazy Yiuf (D:5)
  An orc priest (D:4)
  Terence (D:2)
  Ijyb (D:5)
  4 orc wizards
  6 adders
  2 white imps
  3 ufetubi (D:5)
  A worm (D:4)
  3 dart slugs
  23 orcs
  5 bats
  8 endoplasms
  4 giant cockroaches (D:3)
  8 goblins
  5 hobgoblins
  5 jackals (D:1)
  3 quokkas
  3 ball pythons
  2 frilled lizards (D:3)
  9 kobolds
  6 rats (D:1)
110 creatures vanquished.

Notes
Turn   | Place    | Note
-------+----------+-------------------------------------------
     0 | D:1      | Pimp the Formicid Earth Elementalist began the quest for
                  | the Orb.
     0 | D:1      | Reached XP level 1. HP: 13/13 MP: 3/3
   136 | D:1      | Reached XP level 2. HP: 19/19 MP: 3/5
   465 | D:1      | Reached XP level 3. HP: 23/24 MP: 6/6
   556 | D:1      | Found a faded altar of an unknown god.
  1144 | D:2      | Reached XP level 4. HP: 31/31 MP: 4/7
  1385 | D:2      | Found Bisuridgh's Weapon Boutique.
  1395 | D:2      | Bought a +0 long sword for 45 gold pieces
  1558 | D:2      | Noticed Terence
  1574 | D:2      | Killed Terence
  1575 | D:2      | Reached skill level 1 in Fighting
  1575 | D:2      | Reached skill level 1 in Armour
  1575 | D:2      | Reached skill level 4 in Earth Magic
  1975 | D:2      | Identified a scroll of acquirement
  1975 | D:2      | Acquired a +5 halberd of distortion
  2194 | D:3      | Noticed Sigmund
  2206 | D:3      | Killed Sigmund
  2207 | D:3      | Reached skill level 1 in Long Blades
  2207 | D:3      | Reached XP level 5. HP: 23/38 MP: 6/9
  2207 | D:3      | Reached XP level 6. HP: 27/44 MP: 6/10
  3282 | D:3      | Noticed Grinder
  3288 | D:3      | Killed Grinder
  3289 | D:3      | Reached skill level 1 in Polearms
  3289 | D:3      | Reached XP level 7. HP: 33/50 MP: 8/12
  3546 | D:4      | Found Jeaclaz's Jewellery Shoppe.
  3681 | D:4      | Found a staircase to the Ecumenical Temple.
  3693 | Temple   | Entered the Ecumenical Temple
  4338 | D:5      | Entered Level 5 of the Dungeon
  4531 | D:5      | Identified the +2 chain mail of Soft Rains {rPois Int+3
                  | Stlth+}
  4643 | D:5      | Reached skill level 5 in Earth Magic
  4643 | D:5      | Reached XP level 8. HP: 48/57 MP: 13/13
  4813 | D:5      | Noticed Ijyb
  4832 | D:5      | Killed Ijyb
  5383 | D:5      | Found a runed translucent door.
  5384 | D:5      | Noticed Crazy Yiuf
  5388 | D:5      | Gained mutation: Your system is resistant to poisons.
                  | (rPois) [potion of mutation]
  5390 | D:5      | Killed Crazy Yiuf
  5750 | D:6      | Learned a level 3 spell: Stone Arrow
  5904 | D:6      | Found Duletul's Magic Scroll Shoppe.
  5925 | D:6      | Noticed a gargoyle
  5929 | D:6      | HP: 1/58 [centaur/arrow (6)]
  5929 | D:6      | Mangled by a gargoyle

Illustrated notes

Levels and vault maps discovered:
D:1:      scummos_arrival_hexagon, layout_basic,
          hellmonk_ecumenical_altar_prayer_group
D:2:      minmay_door_path, layout_loops_corners, serial_shops, shop,
          amcnicky_mini_rare_corridor_liquid, uniq_terence
D:3:      layout_loops_ring, uniq_sigmund, uniq_grinder
D:4:      layout_basic, minmay_temple_entry_proselytizer, serial_shops,
          nicolae_shop_waterfront
D:5:      layout_layer_cave, serial_bayou_pond_d, uniq_ijyb,
          uniq_crazy_yiuf_cottage
D:6:      layout_basic, serial_shops, shop, hangedman_minor_gate_pass
Temple:   dshaligram_water_room_temple

Skill      XL: |  1  2  3  4  5  6  7  8 |
---------------+-------------------------+-----
Dodging        | 2 3 |  3.4
Stealth        | 3 4 |  4.2
Fighting       | 1 2 3 |  3.1
Armour         | 1 2 3 |  3.2
Transmutations | 2 3 |  3.6
Earth Magic    | 4 5 |  5.3
Long Blades    | 1 |  1.4
Spellcasting   | 3 |  3.9
Polearms       | 1 2 3 |  3.3

Action                     |  1- 3 |  4- 6 |  7- 9 || total
---------------------------+-------+-------+-------++-------
  Melee: Unarmed           |     4 |       |       ||     4
         Short sword       |    22 |     4 |       ||    26
         Halberd           |       |    67 |    89 ||   156
         Long sword        |       |     6 |       ||     6
   Cast: Sandblast         |    36 |    19 |    11 ||    66
    Use: Scroll            |       |     5 |     6 ||    11
         Potion            |       |       |     6 ||     6
   Stab: Sleeping          |     2 |     3 |     3 ||     8
 Armour: Ring mail         |    18 |    37 |    51 ||   106
         Robe              |     1 |       |       ||     1
  Dodge: Dodged            |    18 |    50 |    42 ||   110

Table legend: (Time is in decaauts)
 A = Elapsed time spent in this place.
 B = Non-inter-level travel time spent in this place.
 C = Inter-level travel time spent in this place.
 D = Time resting spent in this place.
 E = Time spent auto-exploring this place.
 F = Levels seen in this place.
 G = Mean time per level.
                   A        B        C        D        E       F      G
               +--------+--------+--------+--------+--------+-----+--------+
         Total |   6027 |   5892 |    135 |    951 |   3808 |   7 |  861.0 |
       Dungeon |   5952 |   5817 |    135 |    951 |   3779 |   6 |  992.0 |
        Temple |     74 |     74 |      0 |      0 |     29 |   1 |   74.0 |
               +--------+--------+--------+--------+--------+-----+--------+

Top non-repeatable levels by time:
     D:3: 1343 daAuts
     D:5: 1318 daAuts
     D:2: 1117 daAuts
     D:1: 1046 daAuts
     D:4: 833 daAuts
     D:6: 293 daAuts
  Temple: 74 daAuts
